 Dungeon Sprint DCSS version 0.22.1-2-g9c5b331383 (webtiles) character file.

2323 Morrissey the Grappler (level 9, -5/105 HPs)
             Began as a Troll Transmuter on Dec 4, 2018.
             Was an Elder of Makhleb.
             Slain by a five-headed hydra (11 damage)
             ... in the Dungeon (Sprint IX: "|||||||||||||||||||||||||||||").
             The game lasted 00:02:09 (354 turns).

Morrissey the Grappler (Troll Transmuter)            Turns: 354, Time: 00:02:09

Health: -5/105     AC:  6    Str: 20    XL:     9   Next: 19%
Magic:  9/9        EV: 16    Int:  9    God:    Makhleb [****..]
Gold:   10         SH:  0    Dex: 16    Spells: 9/10 levels left

rFire    . . .     SeeInvis .     - Unarmed
rCold    . . .     Gourm    +   (no shield)
rNeg     . . .     Faith    +   b - +0 robe
rPois    .         Spirit   .   (helmet restricted)
rElec    .         Reflect  .   m - +0 cloak
rCorr    .         Harm     .   (gloves unavailable)
MR       .....     NoTele   +   (boots unavailable)
Stlth    +.........             t - amulet of faith
HPRegen  0.67/turn              n - +2 ring of evasion
MPRegen  0.11/turn              o - +3 ring of dexterity

@: no status effects
A: large, unfitting armour, claws 3, fast metabolism 3, gourmand, regeneration
1, shaggy fur 1, tough skin 2
a: Minor Destruction, Lesser Servant of Makhleb, Major Destruction, Renounce
Religion


You were in the Dungeon.
You worshipped Makhleb.
Makhleb was greatly pleased with you.
You were very full.

You visited 1 branch You collected 10 gold pieces.

Inventory:

Hand Weapons
 q - a +0 giant spiked club
Missiles
 a - 58 arrows
Armour
 b - a +0 robe (worn)
 m - a +0 cloak (worn)
Jewellery
 n - a +2 ring of evasion (left claw)
 o - a +3 ring of dexterity (right claw)
 t - an amulet of faith (around neck)
Wands
 l - a wand of iceblast (7)
Scrolls
 i - 4 scrolls of remove curse
 j - 2 scrolls of blinking
 k - 2 scrolls of amnesia
 u - 2 scrolls of identify
 v - 2 scrolls of enchant weapon
 w - 2 scrolls of fog
Potions
 c - a potion of invisibility
 e - 7 potions of curing
 f - 5 potions of heal wounds
 g - a potion of haste
 h - 4 potions of magic
 r - a potion of agility
 s - a potion of brilliance
Comestibles
 d - 2 rations
 p - 4 chunks of flesh


   Skills:
 * Level 11.5 Fighting
 + Level 6.6 Dodging
 * Level 13.7 Unarmed Combat
 - Level 1.2 Spellcasting
 - Level 1.3 Transmutations


You had 9 spell levels left.
You knew the following spells:

 Your Spells              Type           Power        Failure   Level  Hunger
a - Beastly Appendage     Tmut           #.....       21%         1    ##.....

Your spell library contained the following spells:

 Spells                   Type           Power        Failure   Level  Hunger
 Sticks to Snakes         Tmut           #.......     30%         2    ###....
 Spider Form              Tmut/Pois      #.........   63%         3    ####...
 Ice Form                 Ice/Tmut       #.......     95%         4    #####..
 Blade Hands              Tmut           #.........   99%         5    ######.


Dungeon Overview and Level Annotations

Branches:
Dungeon (1/1)

Altars:
Cheibriados
Dithmenos
Elyvilon
Fedhas
Gozag
Hepliaklqana
Kikubaaqudgha
Makhleb
Nemelex Xobeh
Okawaru
Qazlal
Ru
Sif Muna
Trog
Uskayaw
Vehumet
Wu Jian
Xom
Yredelemnul
Zin
The Shining One
Beogh
Jiyva
Lugonu


Innate Abilities, Weirdness & Mutations

You are too large for most types of armour.
You have claws for hands.
Your metabolism is lightning-fast.
You like to eat raw meat.
Your natural rate of healing is unusually fast.
You are covered in fur. (AC +1)
You have very tough skin. (AC +2)


Message History

* * * LOW HITPOINT WARNING * * *
The five-headed hydra bites you!
* * * LOW HITPOINT WARNING * * *
Evoke which item? (* to show all) (? for menu, Esc to quit)
Aiming: Iceblast
Press: ? - help, Shift-Dir - straight line, f/p - five-headed hydra
Aim: a five-headed hydra (heavily wounded) That beam is likely to hit you.
Continue anyway?
The mass of ice explodes!
The iceblast engulfs the five-headed hydra.
The five-headed hydra is heavily wounded.
The iceblast engulfs the spiny frog.
The spiny frog is moderately wounded.
The iceblast engulfs you!
* * * LOW HITPOINT WARNING * * *
The five-headed hydra bites you.
* * * LOW HITPOINT WARNING * * *
The five-headed hydra barely misses you.
The five-headed hydra bites you!
You die...

▓.▓_▓
▓.▓.▓_▓
▓.▓.▓_▓
▓F▓.▓_▓
▓H▓.▓_▓
▓F▓.▓_▓
▓F▓.▓_▓
▓D▓.▓_▓
▓@▓.▓_▓
▓.▓.▓_▓
▓.▓.▓_▓
▓.▓.▓_▓
▓.▓.▓'▓
▓.▓.▓.▓
▓.▓.▓.▓
▓.▓.▓.▓
▓.▓.▓.▓


You could see a five-headed hydra, a hippogriff, a spiny frog and 2 bullfrogs.

Vanquished Creatures
  A two-headed ogre (D)
  A deep elf mage (D)
  2 spiny frogs (D)
  A hungry ghost (D)
  2 ogres (D)
  2 centaurs (D)
  A crocodile (D)
  A scorpion (D)
  A killer bee (D)
  A jelly (D)
  A worker ant (D)
  A shadow imp (D)
  An adder zombie (D)
  2 adder skeletons (D)
  2 bats (D)
  A giant cockroach (D)
  A hobgoblin (D)
  A kobold (D)
  A leopard gecko skeleton (D)
  A leopard gecko zombie (D)
25 creatures vanquished.

Notes
Turn   | Place    | Note
-------+----------+-------------------------------------------
     0 | D        | Morrissey the Troll Transmuter began the quest for the Orb.
     0 | D        | Reached XP level 1. HP: 18/18 MP: 1/1
     7 | D        | Reached skill level 1 in Fighting
    17 | D        | Reached skill level 4 in Unarmed Combat
    36 | D        | Noticed a scorpion
    36 | D        | Noticed a jelly
    36 | D        | Noticed an ogre
    36 | D        | Noticed a centaur
    43 | D        | Killed a centaur
    43 | D        | Reached skill level 6 in Unarmed Combat
    43 | D        | Reached XP level 2. HP: 17/33 MP: 2/2
    43 | D        | Reached XP level 3. HP: 21/41 MP: 3/3
    43 | D        | Reached XP level 4. HP: 26/49 MP: 4/4
    47 | D        | Killed an ogre
    47 | D        | Reached skill level 8 in Unarmed Combat
    47 | D        | Reached XP level 5. HP: 29/61 MP: 5/5
    54 | D        | Reached skill level 9 in Unarmed Combat
    67 | D        | Found a roughly hewn altar of Beogh.
    67 | D        | Found a snail-covered altar of Cheibriados.
    67 | D        | Found a shadowy altar of Dithmenos.
    67 | D        | Found a white marble altar of Elyvilon.
    67 | D        | Found a blossoming altar of Fedhas.
    67 | D        | Found an opulent altar of Gozag.
    68 | D        | Found a hazy altar of Hepliaklqana.
    69 | D        | Found a viscous altar of Jiyva.
    70 | D        | Found an ancient bone altar of Kikubaaqudgha.
    71 | D        | Found a corrupted altar of Lugonu.
    72 | D        | Found a burning altar of Makhleb.
    73 | D        | Found a sparkling altar of Nemelex Xobeh.
    74 | D        | Found an iron altar of Okawaru.
    75 | D        | Found a stormy altar of Qazlal.
    76 | D        | Found a sacrificial altar of Ru.
    77 | D        | Found a deep blue altar of Sif Muna.
    78 | D        | Found a bloodstained altar of Trog.
    79 | D        | Found a hide-covered altar of Uskayaw.
    80 | D        | Became a worshipper of Makhleb the Destroyer
    81 | D        | Found a radiant altar of Vehumet.
    82 | D        | Found an ornate altar of the Wu Jian Council.
    83 | D        | Found a shimmering altar of Xom.
    84 | D        | Found a basalt altar of Yredelemnul.
    85 | D        | Found a glowing silver altar of Zin.
    86 | D        | Found a glowing golden altar of the Shining One.
   120 | D        | Noticed a centaur
   120 | D        | Noticed an ogre
   127 | D        | Killed an ogre
   127 | D        | Reached XP level 6. HP: 72/72 MP: 6/6
   129 | D        | Reached * piety under Makhleb
   134 | D        | Reached skill level 10 in Unarmed Combat
   140 | D        | Reached ** piety under Makhleb
   189 | D        | Noticed a deep elf mage
   189 | D        | Noticed a two-headed ogre
   189 | D        | Noticed a hungry ghost
   192 | D        | Killed a hungry ghost
   192 | D        | Reached XP level 7. HP: 83/83 MP: 7/7
   197 | D        | Killed a deep elf mage
   197 | D        | Reached skill level 11 in Unarmed Combat
   197 | D        | Reached XP level 8. HP: 62/93 MP: 8/8
   202 | D        | Killed a two-headed ogre
   202 | D        | Reached *** piety under Makhleb
   202 | D        | Reached skill level 10 in Fighting
   202 | D        | Reached skill level 5 in Dodging
   202 | D        | Reached skill level 12 in Unarmed Combat
   210 | D        | Reached skill level 13 in Unarmed Combat
   339 | D        | Noticed a five-headed hydra
   339 | D        | Noticed a spiny frog
   339 | D        | Noticed a spiny frog
   339 | D        | Noticed a spiny frog
   345 | D        | Killed a spiny frog
   345 | D        | Reached XP level 9. HP: 105/105 MP: 9/9
   348 | D        | Reached **** piety under Makhleb
   353 | D        | Killed a spiny frog
   354 | D        | Slain by a five-headed hydra

Skill      XL: |  1  2  3  4  5  6  7  8 |
---------------+-------------------------+-----
Fighting       | 4 6 7 9 11 | 11.5
Unarmed Combat | 6 8 9 10 11 13 | 13.7
Dodging        | 2 3 4 6 |  6.6
Spellcasting   | |  1.2
Transmutations | |  1.3

Action                   |  1- 3 |  4- 6 |  7- 9 || total
-------------------------+-------+-------+-------++-------
Melee: Unarmed           |    17 |    31 |    29 ||    77
       Punch             |       |     1 |     6 ||     7
Evoke: Wand              |       |       |     3 ||     3
  Use: Potion            |     1 |       |       ||     1
  Eat: Chunk             |     1 |     6 |     1 ||     8
Armor: Robe              |     6 |     3 |     1 ||    10
Dodge: Dodged            |     9 |    14 |    13 ||    36
